 Dungeon Crawl Stone Soup version 0.18.1-48-g4cf74bf (webtiles) character file.

79 PossumBlood the Shooter (level 4, 0/29 HPs)
             Began as a High Elf Hunter on Aug 14, 2016.
             Slain by a goblin
             ... wielding a +0 dagger
             ... led by Robin
              (1 damage)
             ... on level 1 of the Dungeon.
             The game lasted 00:04:19 (1530 turns).

PossumBlood the Shooter (High Elf Hunter)           Turns: 1530, Time: 00:04:21

Health: 0/29       AC:  3    Str:  9 (11) XL:     4   Next: 17%
Magic:  5/5        EV:  7    Int: 11 (14) God:
Gold:   61         SH:  0    Dex: 16 (17) Spells: 0 memorised, 3 levels left

rFire  + . .     SeeInvis .     a - +1 shortbow
rCold  x . .     Gourm    .     c - +0 leather armour
rNeg   . . .     Faith    .     (shield currently unavailable)
rPois  .         Spirit   .     (no helmet)
rElec  .         Dismiss  .     (no cloak)
rCorr  .         Reflect  .     (no gloves)
SustAt .         Harm     .     (no boots)
MR     .....                    (no amulet)
Stlth  ++........               (no ring)
                                h - ring of fire

@: not resistant to hostile enchantments, unstealthy
A: no striking features
a: no special abilities


You were on level 1 of the Dungeon.
You were not hungry.

You visited 1 branch of the dungeon, and saw 2 of its levels.

You collected 61 gold pieces.

Inventory:

Hand Weapons
 a - a +1 shortbow (weapon)
 b - a +0 short sword
Missiles
 d - 6 arrows (quivered)
Armour
 c - a +0 leather armour (worn)
Jewellery
 h - a ring of fire (left hand)
Scrolls
 e - a scroll of amnesia
Comestibles
 g - 2 meat rations


   Skills:
 - Level 2.0 Fighting
 * Level 7.5 Bows
 - Level 2.1 Dodging
 - Level 1.1 Stealth


You had 3 spell levels left.
You didn't know any spells.

Dungeon Overview and Level Annotations

Branches:
Dungeon (2/15)

Altars:
The Shining One


Message History

The kobold barely misses you. The goblin hits you with a club.
* * * LOW HITPOINT WARNING * * *
You are too injured to fight recklessly!
You are too injured to fight recklessly!
You are too injured to fight recklessly!
You are too injured to fight recklessly!
The hobgoblin hits you with a club.
* * * LOW HITPOINT WARNING * * *
The kobold hits you with a whip.
* * * LOW HITPOINT WARNING * * *
The goblin hits you but does no damage. x2
You climb upwards.
There is a stone staircase leading down here.
You feel sick.
You are no longer poisoned.
The hobgoblin hits you but does no damage.
The kobold hits you with a whip.
* * * LOW HITPOINT WARNING * * *
The goblin hits you with a dagger.
You die...

## #...........#
#.###.#####.# # #.####.#.##.#
#.# #.# #.# #.#
#.#.###########.# #.# #.#
#.#..#.......#..### #.# #.#
#.#..+(..<...'....# #.# #.#
#...##.......####.# #.# #.#
###.##########....###.##
#.######.##.gK....#.##.......
#.........'g@...>.+..........
########.##..g....#....##..##
#.##########.##.#..†.. #.#
#.##.##....... ###### #.#
#.##.##....... .....# #.#
#....##.#...>. ####.# #.#
#..####.#..... #.# #.# #..#
##...... ## #.# #.# #..#
#......


You could see a hobgoblin, 2 goblins and a kobold.

Vanquished Creatures
  Robin (D:2)
  3 adders
  2 oozes (D:1)
  2 ball pythons (D:1)
  5 bats
  2 giant cockroaches
  7 goblins
  6 hobgoblins
  A giant newt (D:1)
  2 kobolds
  A rat (D:1)
32 creatures vanquished.

Notes
Turn   | Place    | Note
--------------------------------------------------------------
     0 | D:1      | PossumBlood the High Elf Hunter began the quest for the Orb.
     0 | D:1      | Reached XP level 1. HP: 14/14 MP: 2/2
   226 | D:1      | Reached XP level 2. HP: 13/19 MP: 3/3
   295 | D:1      | Reached skill level 6 in Bows
   966 | D:2      | Found a glowing golden altar of the Shining One.
  1069 | D:2      | Reached XP level 3. HP: 17/24 MP: 4/4
  1230 | D:2      | Noticed Robin
  1246 | D:2      | Killed Robin
  1246 | D:2      | Reached skill level 7 in Bows
  1520 | D:2      | Reached XP level 4. HP: 17/29 MP: 5/5
  1530 | D:1      | HP: 1/29 [kobold/whip (2)]
  1530 | D:1      | Slain by a goblin

Skill      XL: |  1  2  3 |
---------------+----------+-----
Bows           | 6 7 |  7.5
Fighting       | |  2.0
Dodging        | |  2.1
Stealth        | |  1.1

Action                   |  1- 3 |  4- 6 || total
-------------------------+-------+-------++-------
Melee: Short sword       |    28 |       ||    28
 Fire: Shortbow          |    85 |     7 ||    92
  Use: Scroll            |     5 |       ||     5
       Potion            |     1 |       ||     1
  Eat: Bread ration      |     1 |       ||     1
Armor: Leather armour    |    29 |     5 ||    34
Dodge: Dodged            |    79 |     7 ||    86
